AoeStats
← Chiqui Tapia

Arabia

506970849Analyzed
3v3 RM · 15d ago on Sep 16, 2026· 46m 53s· 6 players
Game mode
Random Map
Map size
Normal (6 player)
Population
200
Speed
Normal
Resources
Standard
Victory
Conquest
Starting age
Dark Age
Ending age
Imperial Age
RankedLock teamsTeams togetherTeam positionsShared explorationLock speedFull tech treeHidden civsTurbo modeCheats
Victory
Defeat
🇨🇴 Armenians · Colombia
1408
+7
🇨🇴 Franks · Colombia
1043
+21
🇨🇴 Magyars · Colombia
944
+24
🇦🇷 Franks · Argentina
1218
-20
🇦🇷 Malians · Argentina
1218
-20
🇦🇷 Khitans · Argentina
1037
-12
TVHG.LALO_CAESTA
7:15 Loom
10:00 Feudal Age
10:15 Man-at-Arms
10:41 Double-Bit Axe
13:18 Long Swordsman
17:05 Forging
16:48 Fletching
18:36 Scale Mail Armor
18:48 Arson
20:28 Town Watch
21:34 Forging
24:37 Horse Collar
25:36 Pikeman
35:43 Castle Age
35:47 Padded Archer Armor
35:55 Crossbowman
36:31 Bodkin Arrow
36:04 Two-Handed Swordsman
36:45 Squires
36:31 Gambesons
37:02 Chain Mail Armor
37:28 Iron Casting
38:56 Bow Saw
38:40 Champion
40:56 Wheelbarrow
43:42 Gold Mining
45:57 Leather Archer Armor
46:03 Hand Cart
Jonny the Chef
7:05 Loom
10:01 Feudal Age
11:23 Double-Bit Axe
15:48 Scale Barding Armor
24:32 Castle Age
24:46 Fletching
26:04 Bodkin Arrow
26:13 Padded Archer Armor
25:59 Elite Skirmisher
26:47 Thumb Ring
30:23 Horse Collar
30:54 Bow Saw
33:26 Crossbowman
35:16 Ballistics
37:37 Treadmill Crane
41:24 Imperial Age
42:05 Heavy Plow
43:10 Chemistry
42:40 Leather Archer Armor
42:38 Bracer
43:44 Onager
45:10 Arbalester
45:22 Capped Ram
cristianarturo201822
8:45 Loom
10:52 Feudal Age
17:16 Double-Bit Axe
21:36 Castle Age
20:27 Gold Mining
20:51 Scale Barding Armor
23:44 Wheelbarrow
24:26 Forging
25:22 Gold Shaft Mining
27:02 Iron Casting
27:13 Town Watch
32:21 Scale Mail Armor
32:42 Chain Barding Armor
46:28 Imperial Age
46:32 Cavalier
47:51 Plate Barding Armor
48:18 Blast Furnace
Bellota
7:01 Loom
9:34 Feudal Age
10:31 Double-Bit Axe
12:47 Fletching
18:50 Wheelbarrow
22:36 Castle Age
20:35 Gold Mining
21:38 Scale Mail Armor
21:48 Forging
22:34 Arson
23:38 Bodkin Arrow
23:48 Crossbowman
25:09 Chain Mail Armor
25:30 Iron Casting
36:47 Fervor
40:10 Sanctity
39:50 Devotion
40:10 Sanctity
47:54 Imperial Age
Trocotoide
7:11 Loom
9:46 Feudal Age
10:19 Double-Bit Axe
16:36 Forging
19:36 Bloodlines
20:14 Scale Barding Armor
26:54 Horse Collar
30:06 Castle Age
Chiqui Tapia
7:14 Loom
11:58 Feudal Age
29:53 Fletching
Connection lost

Rejoining the realm…

Still unreachable

The connection could not be restored.

Session expired

The server has moved on; the page needs a fresh start.